Zazza, neutral female human Tourist # ----|- -------- ------ ------ |....-#####-......| $$$$$$$$$$$$. |..*.|# # |......| -------- -------------- . $$$$$$$ .<...|# |...(..| |...^..|######|(...........| # #..$$ #--.---# .......| |......| #..............###### ########` -|------ |....{..######|....1.......| # # # # |......| #----------.--- ### ######### # # # -----.-- ## # # # ### ## # # ### # # ### ##` # # # # # ##)##%%%[@f##1%[###1######e####################`###### ##### # # # ### # # #-|---- --+-.- # ### # # # ### #|....|########-.[..| # ###### # # ### # # ##|....|# |....| # # # ----.----# # -.-.- ----- # #.....|# |....| # # # |.......|### |...| |....####|....|# |....| ########## |........# |...| #...^| ------# ------ |.......| |...-####|>...########### --------- ---.- ----- # Zazza the Excursionist Experience level: 9 Strength: 16 Dexterity: 14 Constitution: 17 Intelligence: 12 Wisdom: 11 Charisma: 18 Health: 0(67) Energy: 44(44) Def: 1 Gold: 1424 Moves: 17289 Dungeon seed: kxI7mNYL4NlLZrQK Game ID: Zazza_1536423110 Your Inventory: Coins $ - 1424 gold pieces Weapons a - 19 +2 darts d - the +2 Sting V - 2 +0 elven daggers Armor f - a cursed -1 dwarvish iron helm n - an uncursed +0 elven cloak p - an uncursed +0 pair of elven boots r - an uncursed +0 elven cloak s - an uncursed +0 elven leather helm y - an uncursed +0 elven cloak A - an uncursed +0 pair of elven boots Y - an uncursed +0 pair of jumping boots (being worn) Comestibles l - 5 uncursed lembas wafers B - 2 uncursed food rations Scrolls b - an uncursed scroll of identify j - a cursed scroll of gold detection t - 2 uncursed scrolls of teleportation C - an uncursed scroll of remove curse F - an uncursed scroll of food detection I - an uncursed scroll of taming X - a cursed scroll of amnesia Potions c - an uncursed potion of fruit juice h - a cursed potion of levitation v - 2 uncursed potions of gain ability w - an uncursed potion of polymorph D - an uncursed potion of sickness T - a blessed potion of sickness Rings J - an uncursed ring of levitation M - an uncursed ring of fire resistance Q - a blessed +1 ring of gain strength (on right hand) Wands i - a wand of striking (0:2) E - a wand of speed monster (0:4) N - a wand of magic missile (0:5) U - a wand of create monster (0:15) Tools k - an uncursed skeleton key m - an uncursed mirror u - a +0 unicorn horn (weapon in hands) x - a +0 pick-axe z - 6 uncursed tallow candles (0:200) G - an uncursed blindfold Z - the blessed Orb of Fate (0:2) Gems e - an uncursed jet stone q - an uncursed worthless piece of blue glass Spells and supernatural/magical abilities: Name Level Category Fail Memory W - pray for help -- divine ? -- Y - supernatural jump -- ability ? -- Your skills at the end: Fighting Skills Weapon Skills dagger [Expert] dart [Basic] unicorn horn [Basic] Spellcasting Skills Final Attributes: You were piously aligned. You were poison resistant. You were telepathic. You were warned. You could jump. You were a wererat. You were lucky. You had extra luck. Good luck did not time out for you. You are dead (2nd time!). Vanquished creatures: 2 giant mimics 2 large mimics 2 small mimics a gelatinous cube a freezing sphere a tiger 2 tengu 2 ochre jellies a python a carnivorous ape a giant beetle a cockatrice a winter wolf cub a gremlin 5 leprechauns 2 iron piercers 2 giant spiders a horse a black light 2 gnome kings 2 orc mummies a dwarf mummy an owlbear a gold golem 2 lizards a dog 2 dingos a jaguar a dwarf lord a blue jelly a white unicorn a raven 2 gnome mummies a snake 2 rope golems 4 Woodland-elves 4 bugbears an imp a quasit a wood nymph a water nymph a mountain nymph 6 Uruk-hai an orc shaman 3 rock piercers a pony 4 fog clouds 2 yellow lights 5 shriekers a violet fungus 8 gnome lords 9 gnomish wizards a kobold mummy 2 guardian naga hatchlings 4 gray oozes 2 elf zombies a ghoul a straw golem a giant ant 2 little dogs 10 floating eyes 2 kittens 10 dwarves 4 homunculi 3 kobold shamans 8 hill orcs 4 rothes 3 centipedes 2 giant bats a monkey an orc zombie a dwarf zombie 3 wererats a werejackal 10 iguanas 4 killer bees 5 acid blobs 5 coyotes 6 gas spores 7 hobbits a manes 3 large kobolds 6 hobgoblins 5 giant rats 3 cave spiders 3 brown molds 4 yellow molds 3 green molds 4 red molds 30 gnomes 3 gnome zombies 9 geckos 18 jackals 5 foxes 3 kobolds 9 goblins 10 sewer rats 13 grid bugs 11 bats 9 lichens a kobold zombie 17 newts 379 creatures vanquished. Voluntary challenges: You had followed a strict vegetarian diet until turn 2055. You used a wielded weapon 627 times, starting on turn 2008. You read items or engraved 18 times, starting on turn 447. You never genocided any monsters. You never polymorphed an object. You changed form 2 times, starting on turn 4230. You used 2 wishes, starting on turn 2706. You wished for your your first artifact on turn 13845. You never split a pudding. You never wrote Elbereth's name. You violated your moral code, losing 40 points of alignment, starting on turn 8126. Dungeon overview: The Dungeons of Doom: levels 1 to 13 Level 1 a long staircase Level 2 Level 3 a general store, an altar to The Lady stairs to The Gnomish Mines Level 4 a fountain Level 5 some fountains Level 6 many fountains Level 7 an altar to The Lady stairs to Sokoban Level 8 an armor shop Level 9 a general store Level 10 a fountain Level 12 a fountain Level 13 <- You were here a fountain The Gnomish Mines: levels 4 to 6 Level 4 stairs to The Dungeons of Doom Level 5 Level 6 many shops, a temple to Blind Io, some fountains Sokoban: levels 3 to 6 Level 3 Level 4 Level 5 Level 6 stairs to The Dungeons of Doom History has recorded: On T:1 you entered the Dungeons of Doom to retrieve the Amulet of Yendor! On T:553 you reached level 2 of The Dungeons of Doom. On T:1178 you reached level 3 of The Dungeons of Doom. On T:1708 you advanced to experience level 2. On T:2586 you advanced to experience level 3. On T:2590 you were saved from death by your amulet of life saving! On T:2706 you wished for "blessed greased +2 silver dragon scale mail". On T:3092 you reached level 4 of The Dungeons of Doom. On T:3484 you reached level 5 of The Dungeons of Doom. On T:3552 you advanced to experience level 4. On T:4634 you advanced to experience level 5. On T:5164 you advanced to experience level 6. On T:5194 you reached level 6 of The Dungeons of Doom. On T:6145 you reached level 7 of The Dungeons of Doom. On T:6190 you reached level 4 of Sokoban. On T:6883 you advanced to experience level 7. On T:7004 you reached level 3 of Sokoban. On T:8054 you reached level 2 of Sokoban. On T:8799 you reached level 1 of Sokoban. On T:10314 you advanced to experience level 8. On T:11076 you reached level 1 of The Gnomish Mines. On T:11932 you reached level 2 of The Gnomish Mines. On T:12535 you reached level 3 of The Gnomish Mines. On T:13845 you wished for "blessed Orb of Fate". On T:14746 you reached level 8 of The Dungeons of Doom. On T:15077 you advanced to experience level 9. On T:15255 you reached level 9 of The Dungeons of Doom. On T:15731 you reached level 10 of The Dungeons of Doom. On T:15820 you reached level 12 of The Dungeons of Doom. On T:16291 you reached level 13 of The Dungeons of Doom. Score breakdown: Gold: 713 ( 9707 points) Experience: 9 levels (15756 points) Exploration: 13 levels ( 25.00%) (14552 points) Discoveries: 31 items ( 10.40%) ( 9675 points) Valuables value: (no points given unless you survive) Artifact value: 4300 (12360 points) Variety of kills: 102 monsters ( 26.77%) (15522 points) Turncount: 17289 turns (-3187 points) Survival: died (score multiplied by 80%) Total score: 59508 Latest messages: You are frozen by the gelatinous cube! The gelatinous cube touches you! You can move again. You hit it. You are frozen by the gelatinous cube! The gelatinous cube touches you! You hear some noises in the distance. You can move again. You kill the gelatinous cube! There are a few objects here. The kobold mummy hits! You hit it. The kobold mummy hits! You destroy the kobold mummy! You hit it. The panther hits! (2x) The panther bites! You hit it. The panther hits! (2x) The panther bites! You hit it. The panther hits! (2x) The panther bites! The panther hits! (2x) You die... Final status: Aloha Zazza the Tourist, killed by a panther... You died in The Dungeons of Doom on dungeon level 13 with 59508 points, and 1424 pieces of gold, after 17289 moves. You were level 9 with a maximum of 67 hit points when you died.